[Event "Titled Tuesday Blitz November 29 Early 2022"]
[White "Havas, Ladislav"]
[Black "Roque Sola, Gisela"]
[WhiteFideId "14501090"]
[BlackFideId "5120241"]
[WhiteElo "2199"]
[BlackElo "1961"]
[Result "1/2-1/2"]
[Round "11"]
[TimeControl "180+1"]
[Date "2022.11.30"]
[WhiteClock "0:01:21"]
[BlackClock "0:00:25"]

1. d4 Nf6 2. Bg5 d5 3. Bxf6 exf6 4. e3 Bd6 5. c4 c6 6. cxd5 cxd5 7. Nc3 Be6 8. Qb3 Nc6 9. Qxb7 Nb4 10. Qb5+ Bd7 11. Qe2 Qa5 12. Qd2 Rc8 13. Bd3 Nxd3+ 14. Qxd3 Bb4 15. Ne2 Bb5 16. Qd2 Bxe2 17. Kxe2 Bxc3 18. bxc3 Rxc3 19. Rhc1 Qa6+ 20. Kf3 Rxc1 21. Rxc1 O-O 22. Rc5 Qe6 23. Qc2 h5 24. h3 Rb8 25. g4 hxg4+ 26. hxg4 g6 27. Rc6 Qe7 28. Rc8+ Rxc8 29. Qxc8+ Kg7 30. Qc2 a5 31. Qc5 Qe4+ 32. Kg3 a4 33. a3 f5 34. f3 Qxe3 35. Qxd5 f4+ 36. Kg2 Qe2+ 37. Kg1 Qe1+ 38. Kg2 Qe2+ 39. Kg1 Qe1+ 40. Kg2 Qe2+ 1/2-1/2


[Site "https://www.chess.com"]

[Event "Titled Tuesday Blitz November 29 Early 2022"]
[White "Hirneise, Jens"]
[Black "Roque Sola, Jose Luis"]
[WhiteFideId "24614734"]
[BlackFideId "5120390"]
[WhiteElo "2344"]
[BlackElo "2117"]
[Result "1-0"]
[Round "11"]
[TimeControl "180+1"]
[Date "2022.11.30"]
[WhiteClock "0:01:21"]
[BlackClock "0:00:55"]

1. d4 Nf6 2. Bg5 Ne4 3. h4 h6 4. Bf4 d6 5. f3 Nf6 6. e4 c5 7. dxc5 Qa5+ 8. Nc3 Qxc5 9. Qd2 Nc6 10. O-O-O e5 11. Be3 Qa5 12. Kb1 Be6 13. Bb5 Be7 14. g4 a6 15. Ba4 b5 16. Bb3 Nd7 17. Nge2 Nc5 18. Bxc5 Bxb3 19. cxb3 1-0


[Site "https://www.chess.com"]

[Event "Titled Tuesday Blitz November 29 Early 2022"]
[White "Ibarra Jerez, Jose Carlos"]
[Black "Postny, Evgeny"]
[WhiteFideId "2226332"]
[BlackFideId "2804344"]
[WhiteElo "2638"]
[BlackElo "2476"]
[Result "1-0"]
[Round "11"]
[TimeControl "180+1"]
[Date "2022.11.29"]
[WhiteClock "0:01:19"]
[BlackClock "0:01:05"]

1. e4 d6 2. d4 Nf6 3. Nc3 g6 4. Bg5 Bg7 5. e5 Nfd7 6. exd6 cxd6 7. Qd2 Nc6 8. Nf3 h6 9. Be3 Nf6 10. d5 Nb8 11. h3 a6 12. a4 Nbd7 13. Bc4 Qc7 14. Ba2 Nc5 15. Bd4 O-O 16. O-O Nce4 17. Nxe4 Nxe4 18. Qe3 Nf6 19. Rfe1 Re8 20. c3 Bd7 21. Bb3 b5 22. a5 Qb7 23. Rad1 Rac8 24. Re2 Nxd5 25. Qe4 Bc6 26. Bxg7 Nxc3 27. Qxg6 Nxe2+ 28. Kf1 Bd5 29. Qxh6 1-0


[Site "https://www.chess.com"]

[Event "Titled Tuesday Blitz November 29 Early 2022"]
[White "Indjic, Aleksandar"]
[Black "Deac, Bogdan-Daniel"]
[WhiteFideId "911925"]
[BlackFideId "1226380"]
[WhiteElo "2592"]
[BlackElo "2648"]
[Result "1-0"]
[Round "11"]
[TimeControl "180+1"]
[Date "2022.11.29"]
[WhiteClock "0:00:10"]
[BlackClock "0:00:05"]

1. d4 Nf6 2. c4 e6 3. Nf3 d5 4. Nc3 dxc4 5. Qa4+ c6 6. Qxc4 b5 7. Qd3 a6 8. g4 c5 9. g5 c4 10. Qe3 Nd5 11. Nxd5 Qxd5 12. Bg2 Bb7 13. O-O Be7 14. b3 cxb3 15. axb3 O-O 16. Nh4 Qd7 17. Bxb7 Qxb7 18. Qf3 Nc6 19. Qg4 Rad8 20. Nf3 a5 21. Bb2 Qd7 22. Qe4 f5 23. gxf6 Rxf6 24. Rac1 Nb4 25. Ne5 Qe8 26. Kh1 Bd6 27. f4 Nd5 28. e3 a4 29. bxa4 bxa4 30. Rg1 a3 31. Ba1 Rc8 32. Rb1 Bxe5 33. Qxe5 Rg6 34. e4 Nf6 35. Rxg6 hxg6 36. d5 a2 37. Rb7 1-0


[Site "https://www.chess.com"]

[Event "Titled Tuesday Blitz November 29 Early 2022"]
[White "Ismayil, Malak"]
[Black "Gabrielian, Artur"]
[WhiteFideId "13412604"]
[BlackFideId "4131002"]
[WhiteElo "1879"]
[BlackElo "2432"]
[Result "0-1"]
[Round "11"]
[TimeControl "180+1"]
[Date "2022.11.30"]
[WhiteClock "0:00:50"]
[BlackClock "0:01:40"]

1. e4 c5 2. Nf3 e6 3. b3 Nc6 4. Bb2 b6 5. g3 Bb7 6. Bg2 Nf6 7. d3 d6 8. O-O Be7 9. Nbd2 O-O 10. Qe2 Nd7 11. Rad1 Bf6 12. c3 d5 13. Nb1 Re8 14. Qc2 Rc8 15. Rfe1 d4 16. c4 e5 17. a3 g6 18. Bh3 Rc7 19. Nbd2 Bc8 20. Nf1 Nf8 21. Bxc8 Rxc8 22. Bc1 Bg7 23. Bg5 Bf6 24. Bd2 a6 25. b4 Ne6 26. Qa4 Be7 27. Rb1 Bd6 28. Qxa6 Qf6 29. Kg2 Bc7 30. b5 Ra8 31. Qb7 Na5 32. Qd5 Red8 33. Bg5 Nxg5 0-1


[Site "https://www.chess.com"]

[Event "Titled Tuesday Blitz November 29 Early 2022"]
[White "Jakubowski, Krzysztof"]
[Black "Ovchinnikov, Vsevolod"]
[WhiteFideId "1112848"]
[BlackFideId "24176842"]
[WhiteElo "2373"]
[BlackElo "2376"]
[Result "1/2-1/2"]
[Round "11"]
[TimeControl "180+1"]
[Date "2022.11.30"]
[WhiteClock "0:00:04"]
[BlackClock "0:00:13"]

1. e4 g6 2. d4 Bg7 3. Nc3 a6 4. h4 h5 5. Be3 b5 6. Qd2 d6 7. O-O-O Nd7 8. d5 Bb7 9. Bd4 Ngf6 10. Nf3 c5 11. dxc6 Bxc6 12. Ng5 Rc8 13. f3 Qa5 14. Kb1 Ne5 15. b3 Ned7 16. Bd3 Bb7 17. Ne2 Qxd2 18. Rxd2 Nc5 19. Bb2 O-O 20. Rhd1 Nfd7 21. Nf4 Bxb2 22. Kxb2 Nf6 23. Bf1 Rc7 24. a3 Rfc8 25. Nd3 Ncd7 26. Nb4 Nb6 27. Re1 Nfd7 28. g3 Ne5 29. Re3 Rb8 30. Kb1 Bc8 31. f4 Ng4 32. Re1 Bb7 33. Kb2 Rbc8 34. Bd3 Rb8 35. e5 dxe5 36. fxe5 e6 37. Ne4 Kg7 38. Nd6 Rc5 39. Nxb7 Rxb7 40. Nxa6 Rxe5 41. Rxe5 Nxe5 42. Be4 Ra7 43. Nb4 Nbc4+ 44. bxc4 Nxc4+ 45. Kc1 Nxd2 46. Kxd2 Rxa3 47. Bd3 f5 48. c3 Ra5 49. Nc6 Ra2+ 50. Ke3 Rg2 51. Kf3 Rd2 52. Nb4 e5 53. Bxb5 Kf6 54. c4 Rd4 55. Nd5+ Ke6 56. Ne3 Rd3 57. Ke2 Rc3 58. Bc6 f4 59. Bd5+ Kf6 60. gxf4 exf4 61. Nd1 Ra3 62. Nf2 Ke5 63. Nd3+ Kf5 64. Bf7 Ra2+ 65. Kf3 Ra3 66. Ke2 Ra2+ 67. Ke1 Ra3 68. Kd2 Ra2+ 69. Kc3 f3 70. c5 f2 71. Nxf2 Rxf2 72. c6 Rf1 73. Bb3 Ke5 74. c7 Rf8 75. Bf7 Kd6 76. Bxg6 Kxc7 77. Bxh5 Rh8 78. Bg6 Rxh4 79. Bf5 Kd6 80. Bg6 Kc5 81. Bf7 Rh3+ 82. Kc2 Kd4 83. Be6 Re3 84. Bf7 Rc3+ 85. Kd2 Rc7 86. Bg6 Rg7 87. Bf5 Rg2+ 88. Kd1 Ke3 89. Bh7 Rd2+ 90. Kc1 Rf2 91. Kd1 Rg2 92. Kc1 Kd4 93. Kd1 Rh2 94. Bf5 Ke5 95. Bg6 Kf6 96. Be4 Rf2 97. Bd3 Ke5 98. Bg6 Kd4 99. Bh7 Kc3 100. Bg6 Rf6 101. Bh7 Rd6+ 102. Ke2 Kd4 103. Kf3 Rf6+ 104. Ke2 Rf7 105. Bg6 Rg7 106. Bf5 Rg5 107. Bh7 Rg2+ 108. Kf3 Rh2 109. Bg6 Ke5 110. Ke3 Rh3+ 111. Kd2 Rg3 112. Bh7 Kd4 113. Bf5 Rg2+ 114. Kd1 Rf2 115. Bg6 Rf1+ 116. Ke2 Rf6 117. Bh7 Re6+ 118. Kd1 Re7 119. Bg6 Ke3 120. Bf5 Re5 121. Bg6 Rc5 122. Bh7 Rc7 123. Bg6 Rg7 124. Bf5 Rg5 125. Bh7 Rd5+ 126. Kc2 Rd7 127. Bf5 Rc7+ 128. Kb3 Kd4 1/2-1/2


[Site "https://www.chess.com"]

[Event "Titled Tuesday Blitz November 29 Early 2022"]
[White "Jaskolka, Tomasz"]
[Black "Roman, Rodrigo"]
[WhiteFideId "1170791"]
[BlackFideId "3701220"]
[WhiteElo "2126"]
[BlackElo "1995"]
[Result "1/2-1/2"]
[Round "11"]
[TimeControl "180+1"]
[Date "2022.11.30"]
[WhiteClock "0:00:03"]
[BlackClock "0:00:21"]

1. e4 e5 2. Nf3 Nf6 3. Nc3 Nc6 4. Nxe5 Nxe5 5. d4 Nc6 6. d5 Bb4 7. dxc6 bxc6 8. Qd4 Qe7 9. Bd3 d5 10. O-O Bxc3 11. Qxc3 O-O 12. e5 Ng4 13. f4 c5 14. h3 Nh6 15. f5 d4 16. Qe1 Bb7 17. Bxh6 f6 18. Qg3 fxe5 19. f6 Rxf6 20. Bg5 Rxf1+ 21. Rxf1 Qe6 22. Bf6 Qd7 23. Bxe5 Re8 24. c3 Qe7 25. cxd4 cxd4 26. Bxd4 Qd7 27. Bc3 Kh8 28. Bc2 Rd8 29. Rd1 Qxd1+ 30. Bxd1 Rxd1+ 31. Kh2 Rd7 32. Qg4 Rf7 33. Qc4 Kg8 34. Qb5 Be4 35. Qe8+ Rf8 36. Qxe4 h6 37. Qg6 Rf7 38. h4 Re7 39. h5 c5 40. Qd6 Kf7 41. Qxe7+ Kxe7 42. Bxg7 c4 43. Bxh6 Kf7 44. Bd2 Kf6 45. Bc3+ Kg5 46. g4 Kxg4 47. h6 Kf3 48. h7 Ke2 49. h8=N Kd3 50. Ng6 Kc2 51. Ne5 Kb1 52. Nxc4 Kxa2 53. Nd6 Kb3 54. Nb5 a5 55. Bxa5 Kxb2 56. Kg3 Kc2 57. Kf4 Kd3 58. Nd6 Kd4 59. Ne4 Kd5 60. Bb6 Kc6 61. Bd4 Kd5 62. Ke3 Kc4 63. Nf6 Kb5 64. Kd3 Kc6 65. Ke4 Kd6 66. Kf5 Kc7 67. Ke6 Kc6 68. Ne4 Kc7 69. Bc5 Kc6 70. Bd6 Kb6 71. Kd5 Kb7 72. Kc5 Ka6 73. Kc6 Ka7 74. Nc5 Ka8 75. Bf4 Ka7 76. Kc7 Ka8 77. Nd7 Ka7 78. Ne5 Ka8 79. Kb6 Kb8 80. Nc6+ Ka8 81. Ne5 Kb8 82. Be3 Ka8 83. Bc5 Kb8 84. Nc4 Ka8 85. Nd6 Kb8 86. Nb5 Ka8 87. Nc7+ Kb8 88. Kc6 Kc8 89. Ba7 Kd8 90. Nd5 Ke8 91. Be3 Kf7 92. Kd6 Kg6 93. Ne7+ Kh5 94. Ke5 Kg4 95. Bf4 Kf3 96. Kf5 Ke2 97. Ke4 Kf2 98. Nf5 Ke2 99. Be3 Kf1 100. Kf3 Ke1 101. Nd4 Kf1 102. Ne2 Ke1 103. Nf4 Kf1 104. Ne2 Ke1 105. Nd4 Kf1 1/2-1/2


[Site "https://www.chess.com"]

[Event "Titled Tuesday Blitz November 29 Early 2022"]
[White "Jimenez, Joaquin"]
[Black "Bowden, Karl"]
[WhiteFideId "109860"]
[BlackFideId "400548"]
[WhiteElo "2163"]
[BlackElo "2467"]
[Result "1/2-1/2"]
[Round "11"]
[TimeControl "180+1"]
[Date "2022.11.30"]
[WhiteClock "0:00:16"]
[BlackClock "0:00:10"]

1. c4 e5 2. Nc3 Nc6 3. g3 d6 4. Bg2 Be6 5. d3 Qd7 6. Rb1 h5 7. h4 Nh6 8. b4 g6 9. b5 Nd8 10. Nf3 f6 11. a4 Bg7 12. a5 a6 13. bxa6 Rxa6 14. Bd2 O-O 15. Nd5 c6 16. Nb6 Qf7 17. Qc1 d5 18. Bxh6 Rxa5 19. Bxg7 Kxg7 20. O-O Bg4 21. cxd5 cxd5 22. Qd2 Nc6 23. Rfc1 Ra6 24. Nh2 Be6 25. Rc5 Rd8 26. Nf3 Qe7 27. Qc1 Ra2 28. Rc2 Ra6 29. Rcb2 e4 30. dxe4 dxe4 31. Ne1 f5 32. Nc4 Bc8 33. Ne3 Nd4 34. Kf1 Rc6 35. N1c2 Qc5 36. Qe1 Ne6 37. Nb4 Rcd6 38. Rc2 Qa5 39. Qc3+ Kh7 40. Nbd5 Rxd5 41. Qxa5 Rxa5 42. Rbc1 Bd7 43. Nc4 Rc5 44. Ne5 Rxc2 45. Rxc2 Bc6 46. Ke1 Rd6 47. Nxc6 Rxc6 48. Rb2 b6 49. e3 Kg7 50. Bf1 Kf6 51. Bb5 Rd6 52. Bc4 Nc5 53. Ra2 Ke5 54. Ra8 Nd3+ 55. Ke2 Nc1+ 56. Kf1 Rd1+ 57. Kg2 Rd6 58. Re8+ Kf6 59. Rf8+ Ke5 60. Rc8 Nd3 61. Re8+ Kf6 62. Rf8+ Ke5 63. Re8+ Kf6 64. Rf8+ Ke5 65. Re8+ 1/2-1/2


[Site "https://www.chess.com"]

[Event "Titled Tuesday Blitz November 29 Early 2022"]
[White "Jobava, Baadur"]
[Black "Kamsky, Gata"]
[WhiteFideId "13601520"]
[BlackFideId "2000024"]
[WhiteElo "2582"]
[BlackElo "2666"]
[Result "1/2-1/2"]
[Round "11"]
[TimeControl "180+1"]
[Date "2022.11.29"]
[WhiteClock "0:02:14"]
[BlackClock "0:03:00"]

1. d4 d5 2. c4 c6 3. cxd5 cxd5 4. Nc3 Nf6 5. Nf3 Nc6 6. Bf4 Bf5 7. e3 e6 8. Bd3 Bxd3 9. Qxd3 Bd6 10. Bxd6 Qxd6 11. O-O O-O 12. Rfc1 Rfc8 13. Qd1 Ne7 14. Ne2 Rxc1 15. Rxc1 Rc8 16. Rxc8+ Nxc8 17. h3 Ne7 18. Qc1 Qc6 19. Qxc6 Nxc6 20. Nc3 1/2-1/2


[Site "https://www.chess.com"]

[Event "Titled Tuesday Blitz November 29 Early 2022"]
[White "Kleiman, Jake"]
[Black "Bettalli, Francesco"]
[WhiteFideId "2020041"]
[BlackFideId "2816453"]
[WhiteElo "2617"]
[BlackElo "2216"]
[Result "1-0"]
[Round "11"]
[TimeControl "180+1"]
[Date "2022.11.30"]
[WhiteClock "0:01:43"]
[BlackClock "0:02:11"]

1. c4 b6 2. Nc3 Bb7 3. e3 e5 4. Nf3 d6 5. d4 Nd7 6. Be2 g6 7. O-O Bg7 8. b3 Ngf6 9. Bb2 O-O 10. dxe5 Nxe5 11. Nxe5 dxe5 12. Bf3 e4 13. Be2 Qe7 14. Qc2 Rfd8 15. Rad1 Rxd1 16. Rxd1 Rd8 17. h3 Rxd1+ 18. Qxd1 Qd7 19. Nb5 Qxd1+ 20. Bxd1 Ne8 21. Bxg7 Kxg7 22. Nxa7 c6 23. b4 Kf6 24. Ba4 Nd6 25. c5 b5 26. Bc2 Nf5 27. Bxe4 Ne7 28. Nxb5 cxb5 29. Bxb7 Ke6 30. e4 f5 31. f4 fxe4 32. Bxe4 Ng8 33. Bc6 Nf6 34. Kf2 1-0


[Site "https://www.chess.com"]

[Event "Titled Tuesday Blitz November 29 Early 2022"]
[White "Koellner, Ruben Gideon"]
[Black "Rian, Kapriaga"]
[WhiteFideId "12993093"]
[BlackFideId "7103263"]
[WhiteElo "2303"]
[BlackElo "2353"]
[Result "1-0"]
[Round "11"]
[TimeControl "180+1"]
[Date "2022.11.30"]
[WhiteClock "0:01:00"]
[BlackClock "0:00:01"]

1. d4 f5 2. Bg5 h6 3. Bh4 g5 4. Bg3 f4 5. e3 Nf6 6. exf4 d6 7. fxg5 hxg5 8. Nf3 Bg4 9. Be2 Bh6 10. c3 Nc6 11. Nbd2 Qd7 12. Qb3 O-O-O 13. O-O-O e6 14. Kb1 Kb8 15. Bd3 Bf5 16. Qc2 Nd5 17. a3 Rhf8 18. Rhe1 a6 19. Nc4 Rde8 20. Nfd2 g4 21. Ne3 Bxd3 22. Qxd3 Nxe3 23. fxe3 Qg7 24. Rf1 Rxf1 25. Rxf1 Rf8 26. Rxf8+ Qxf8 27. Qf1 Qg7 28. Bf4 Qg6+ 29. e4 Bg7 30. Qd3 d5 31. Kc2 Kc8 32. exd5 Qxd3+ 33. Kxd3 exd5 34. Nf1 Ne7 35. Ne3 Ng6 36. Bg3 c6 37. Nxg4 Kd7 38. Ne5+ Bxe5 39. Bxe5 Ke6 40. Bg3 Kf5 41. Ke3 b5 42. Kf3 a5 43. Bf2 a4 44. h4 Ne7 45. g4+ Kg6 46. Kf4 1-0


[Site "https://www.chess.com"]

[Event "Titled Tuesday Blitz November 29 Early 2022"]
[White "Koridze, Lile"]
[Black "Vlassov, Nikolai"]
[WhiteFideId "13612514"]
[BlackFideId "4103360"]
[WhiteElo "2050"]
[BlackElo "2324"]
[Result "1-0"]
[Round "11"]
[TimeControl "180+1"]
[Date "2022.11.30"]
[WhiteClock "0:00:51"]
[BlackClock "0:00:21"]

1. d4 Nf6 2. c4 Nc6 3. Nf3 e6 4. Nc3 Bb4 5. e3 Bxc3+ 6. bxc3 O-O 7. Bd3 b6 8. O-O Na5 9. c5 Bb7 10. Ba3 Re8 11. Ne5 d6 12. cxd6 cxd6 13. Ng4 Ne4 14. Bxe4 Bxe4 15. f3 Bg6 16. e4 Nc4 17. Bc1 Rc8 18. Qd3 d5 19. Re1 Qh4 20. Nf2 Re7 21. g3 Qh5 22. Qe2 Rec7 23. Bf4 Rc6 24. g4 Qh4 25. exd5 Rd6 26. Bxd6 Nxd6 27. dxe6 Re8 28. d5 Qf6 29. Qe5 Qd8 30. exf7+ Bxf7 31. Qf4 Rf8 32. Qg3 Bxd5 33. Rad1 Rxf3 34. Qe5 Rxf2 35. Qxd5+ Rf7 36. Qxd6 1-0


[Site "https://www.chess.com"]

[Event "Titled Tuesday Blitz November 29 Early 2022"]
[White "Kosakowski, Jakub"]
[Black "Sadhwani, Raunak"]
[WhiteFideId "1185080"]
[BlackFideId "35093487"]
[WhiteElo "2463"]
[BlackElo "2656"]
[Result "0-1"]
[Round "11"]
[TimeControl "180+1"]
[Date "2022.11.29"]
[WhiteClock "0:00:02"]
[BlackClock "0:00:49"]

1. e4 c6 2. d4 d5 3. e5 Bf5 4. Nf3 e6 5. Be2 Nd7 6. O-O h6 7. Nbd2 Ne7 8. Nb3 g5 9. Ne1 Bg7 10. f4 gxf4 11. Bd3 Qc7 12. Bxf4 O-O-O 13. Bxf5 Nxf5 14. Nd3 Rdg8 15. c3 h5 16. a4 Bh6 17. Qd2 Bf8 18. a5 Rg6 19. Nbc5 Bxc5 20. dxc5 Rhg8 21. Rf2 a6 22. b4 h4 23. Raf1 Qd8 24. Qe2 Qf8 25. h3 Qg7 26. Ne1 f6 27. exf6 Qxf6 28. Qf3 Ne5 29. Qe2 Nc4 30. Bh2 Qxc3 31. Nd3 Nce3 32. Nf4 R6g7 33. Nxe6 Rxg2+ 34. Kh1 Rxh2+ 35. Kxh2 Qe5+ 36. Nf4 Ng3 37. Qf3 Nexf1+ 0-1


[Site "https://www.chess.com"]

[Event "Titled Tuesday Blitz November 29 Early 2022"]
[White "Kuchava, Ana"]
[Black "Rios Escobar, Adan"]
[WhiteFideId "13605348"]
[BlackFideId "3403645"]
[WhiteElo "2001"]
[BlackElo "2302"]
[Result "0-1"]
[Round "11"]
[TimeControl "180+1"]
[Date "2022.11.30"]
[WhiteClock "0:00:01"]
[BlackClock "0:00:17"]

1. d4 Nf6 2. Nf3 g6 3. c4 Bg7 4. Nc3 O-O 5. e4 d6 6. Be2 Na6 7. O-O e5 8. Re1 Bg4 9. Be3 Bxf3 10. Bxf3 exd4 11. Bxd4 c6 12. e5 dxe5 13. Bxe5 Nc5 14. Bd6 Qb6 15. Bxf8 Rxf8 16. Qc2 Ne6 17. Rab1 h5 18. Ne4 Nd4 19. Nxf6+ Bxf6 20. Qe4 Kg7 21. b3 Qa5 22. Rbd1 Rd8 23. a4 Nxb3 24. Rxd8 Qxd8 25. Rd1 Nd4 26. c5 b6 27. cxb6 axb6 28. g3 c5 29. Kg2 Qd7 30. Qa8 Qf5 31. Qe4 Qd7 32. Qa8 h4 33. a5 h3+ 34. Kg1 Qa4 0-1


[Site "https://www.chess.com"]

[Event "Titled Tuesday Blitz November 29 Early 2022"]
[White "Kuznetsov, Mikhail"]
[Black "Csonka, Balazs"]
[WhiteFideId "4117190"]
[BlackFideId "742910"]
[WhiteElo "1981"]
[BlackElo "2404"]
[Result "0-1"]
[Round "11"]
[TimeControl "180+1"]
[Date "2022.11.30"]
[WhiteClock "0:01:18"]
[BlackClock "0:00:47"]

1. Nf3 d5 2. g3 c5 3. Bg2 Nc6 4. d4 Nf6 5. O-O cxd4 6. Nxd4 e5 7. Nxc6 bxc6 8. c4 Be6 9. Nc3 Rc8 10. Bg5 d4 11. Ne4 Be7 12. Bxf6 Bxf6 13. b3 Be7 14. Qd2 f5 15. Bh3 Bd7 16. f3 fxe4 17. Bxd7+ Qxd7 18. fxe4 Bf6 19. Rf5 O-O 20. Raf1 Rf7 21. g4 Rcf8 22. h3 g6 23. R5f3 Bd8 24. Qb4 Rxf3 25. Rxf3 Rxf3 26. exf3 d3 27. Qd2 Bb6+ 28. Kf1 Qd4 29. c5 Bxc5 0-1


[Site "https://www.chess.com"]

[Event "Titled Tuesday Blitz November 29 Early 2022"]
[White "Kvaloy, Aksel Bu"]
[Black "Jiganchine, Roman"]
[WhiteFideId "1528815"]
[BlackFideId "2603667"]
[WhiteElo "2184"]
[BlackElo "2324"]
[Result "1-0"]
[Round "11"]
[TimeControl "180+1"]
[Date "2022.11.30"]
[WhiteClock "0:00:14"]
[BlackClock "0:00:17"]

1. e4 c6 2. d4 d5 3. e5 Bf5 4. Nd2 e6 5. Nb3 Nd7 6. Nf3 h6 7. Be2 a6 8. O-O c5 9. dxc5 Bxc5 10. Nxc5 Nxc5 11. Nd4 Bh7 12. c3 Ne7 13. f4 O-O 14. Be3 Rc8 15. g4 Be4 16. f5 Nc6 17. Nxc6 Rxc6 18. f6 g5 19. Bxg5 d4 20. Bxh6 d3 21. Bxf8 Qxf8 22. Bf3 Bg6 23. Bxc6 bxc6 24. Qf3 Qh6 25. Rad1 Nd7 26. Qf4 Qf8 27. h4 Qc5+ 28. Qd4 Qxe5 29. Qxe5 Nxe5 30. h5 Be4 31. g5 Nc4 32. Rfe1 Nxb2 33. Rb1 d2 34. Rxe4 d1=Q+ 35. Rxd1 Nxd1 36. g6 Nxc3 37. Rc4 Ne2+ 38. Kf2 fxg6 39. hxg6 1-0


[Site "https://www.chess.com"]

[Event "Titled Tuesday Blitz November 29 Early 2022"]
[White "Larina, Maria"]
[Black "Buscar, Michael"]
[WhiteFideId "24113182"]
[BlackFideId "2603616"]
[WhiteElo "1848"]
[BlackElo "2010"]
[Result "0-1"]
[Round "11"]
[TimeControl "180+1"]
[Date "2022.11.30"]
[WhiteClock "0:00:01"]
[BlackClock "0:00:39"]

1. e4 c5 2. Nc3 e5 3. Bc4 Nc6 4. d3 d6 5. Nf3 Be6 6. Nd2 Qd7 7. Nf1 Na5 8. Bd5 Bxd5 9. Nxd5 Ne7 10. Nfe3 Nac6 11. c3 Nxd5 12. Nxd5 Ne7 13. O-O Nxd5 14. exd5 Be7 15. d4 cxd4 16. cxd4 exd4 17. Qxd4 O-O 18. Qd3 Bf6 19. Rb1 Rac8 20. Be3 Qa4 21. a3 a6 22. Rfd1 Rfe8 23. h3 Re4 24. Rbc1 Ree8 25. Rxc8 Rxc8 26. Rc1 Rxc1+ 27. Bxc1 Be5 28. g3 h5 29. h4 Qg4 30. Kg2 Bf6 31. Kh1 Bd4 32. Qe2 Qh3+ 33. Kg1 Qxg3+ 34. Kf1 Qh3+ 35. Kg1 Qg4+ 36. Qxg4 hxg4 37. Kg2 f5 38. f3 gxf3+ 39. Kxf3 Kf7 40. Kf4 g6 41. h5 Be5+ 42. Kg5 gxh5 43. Kxf5 h4 44. Kg4 Bf6 45. Kh3 Kg6 46. Bf4 Be7 0-1


[Site "https://www.chess.com"]

[Event "Titled Tuesday Blitz November 29 Early 2022"]
[White "Le, Tuan Minh"]
[Black "Jumabayev, Rinat"]
[WhiteFideId "12401153"]
[BlackFideId "13702661"]
[WhiteElo "2530"]
[BlackElo "2561"]
[Result "1-0"]
[Round "11"]
[TimeControl "180+1"]
[Date "2022.11.29"]
[WhiteClock "0:00:11"]
[BlackClock "0:00:04"]

1. d4 Nf6 2. Nf3 d5 3. Bf4 c5 4. c3 Qb6 5. Qc2 Nc6 6. e3 g6 7. Nbd2 Bf5 8. dxc5 Bxc2 9. cxb6 axb6 10. Bb5 Nd7 11. a4 Nc5 12. Nd4 Bd3 13. b4 Bxb5 14. Nxb5 Nd3+ 15. Ke2 Nxf4+ 16. exf4 O-O-O 17. a5 bxa5 18. bxa5 Bg7 19. a6 b6 20. Nf3 Kb8 21. Rhb1 Rd7 22. Rb3 Rc8 23. Kd3 Ka8 24. Nbd4 Nxd4 25. cxd4 Ka7 26. g4 Rdc7 27. Rab1 Rc6 28. h4 h6 29. g5 h5 30. f5 gxf5 31. Ne1 e6 32. Ng2 R8c7 33. Nf4 Rc4 34. Nxh5 Bxd4 35. f4 Bc5 36. Rh1 Kxa6 37. Nf6 Rxf4 38. h5 Rd4+ 39. Ke2 Rc8 40. Nd7 f4 41. h6 Re4+ 42. Kf1 Bd4 43. Kg2 Re3 44. Rxe3 fxe3 45. Kf3 Rc2 46. Nf6 Rf2+ 47. Kg3 e2 48. Re1 Rf1 49. Rxe2 Bxf6 50. gxf6 Rh1 51. Rh2 Rg1+ 52. Kf4 Rg8 53. Ke5 b5 54. Kd6 b4 55. Ke7 b3 56. Kxf7 Rb8 57. h7 d4 58. Kg7 d3 59. f7 e5 60. f8=Q Rxf8 61. Kxf8 1-0


[Site "https://www.chess.com"]

[Event "Titled Tuesday Blitz November 29 Early 2022"]
[White "Leve, Nitai"]
[Black "Amin-Erdene, Bayanmunkh"]
[WhiteFideId "2006898"]
[BlackFideId "4903161"]
[WhiteElo "2144"]
[BlackElo "1447"]
[Result "1-0"]
[Round "11"]
[TimeControl "180+1"]
[Date "2022.11.30"]
[WhiteClock "0:00:09"]
[BlackClock "0:00:10"]

1. e4 d6 2. d4 Nf6 3. Nc3 g6 4. f4 Bg7 5. Nf3 O-O 6. Bd3 Nc6 7. e5 dxe5 8. dxe5 Nd5 9. O-O Bg4 10. h3 Bxf3 11. Qxf3 Nxc3 12. bxc3 e6 13. Rb1 Rb8 14. Be3 Qe7 15. Be4 Qa3 16. Rb3 Qxa2 17. Rfb1 Na5 18. Rb5 Nc4 19. Rxb7 Qxb1+ 20. Rxb1 Rxb1+ 21. Kh2 Nxe3 22. Qxe3 a5 23. Qa7 Ra1 24. c4 h5 25. c5 Rd8 26. Qxc7 Rdd1 27. Qb8+ Kh7 28. Kg3 Ra3+ 29. Bf3 Rc3 30. c6 Rc1 31. Qb7 R1xc2 32. Qxf7 a4 33. Qxe6 a3 34. f5 gxf5 35. Qxf5+ Kh6 36. Qf4+ Kg6 37. Kh2 Rxf3 38. Qe4+ Rf5 39. Qxc2 Bxe5+ 40. g3 h4 41. c7 Bxg3+ 42. Kg2 a2 43. c8=Q a1=Q 44. Q8xf5+ Kh6 45. Qg6# 1-0


[Site "https://www.chess.com"]

[Event "Titled Tuesday Blitz November 29 Early 2022"]
[White "Levitan, Caleb Levi"]
[Black "Broca Jimenez, Fernando"]
[WhiteFideId "14332620"]
[BlackFideId "5104742"]
[WhiteElo "1963"]
[BlackElo "2062"]
[Result "1-0"]
[Round "11"]
[TimeControl "180+1"]
[Date "2022.11.30"]
[WhiteClock "0:00:19"]
[BlackClock "0:00:04"]

1. e4 c5 2. Nf3 d6 3. d4 cxd4 4. Nxd4 Nf6 5. Nc3 g6 6. Be3 Bg7 7. f3 O-O 8. Qd2 Nc6 9. Bc4 Bd7 10. O-O-O Rc8 11. Bb3 Ne5 12. Kb1 Nc4 13. Bxc4 Rxc4 14. g4 Qc8 15. h4 h5 16. gxh5 Nxh5 17. Nd5 Re8 18. c3 e5 19. Ne2 Be6 20. Bh6 Bxd5 21. exd5 Qf5+ 22. Ka1 Bxh6 23. Qxh6 Nf4 24. Ng3 Qf6 25. Ne4 Qg7 26. Qxg7+ Kxg7 27. Nxd6 Rcc8 28. Nxc8 Rxc8 29. d6 Rd8 30. c4 Kf6 31. c5 Ke6 32. Kb1 Ne2 33. Rhe1 Nf4 34. Re4 Nd5 35. Rde1 f6 36. f4 Kf7 37. fxe5 fxe5 38. Rxe5 Nf6 39. Rf1 Kg7 40. Re7+ Kh6 41. Rxf6 1-0


[Site "https://www.chess.com"]

[Event "Titled Tuesday Blitz November 29 Early 2022"]
[White "Makhmudov, Shukhrat"]
[Black "Omariev, Maksim"]
[WhiteFideId "14200775"]
[BlackFideId "4193423"]
[WhiteElo "2135"]
[BlackElo "2424"]
[Result "0-1"]
[Round "11"]
[TimeControl "180+1"]
[Date "2022.11.30"]
[WhiteClock "0:00:15"]
[BlackClock "0:02:07"]

1. e4 c5 2. Nf3 d6 3. d4 cxd4 4. Nxd4 Nf6 5. Nc3 a6 6. h3 e6 7. g4 Nfd7 8. Bg2 Qc7 9. Be3 b5 10. a3 Bb7 11. Qd2 Nb6 12. b3 N8d7 13. O-O Rc8 14. Nde2 Be7 15. Rac1 O-O 16. Na2 d5 17. exd5 Nxd5 18. Bd4 Bxa3 19. c4 Bxc1 20. Rxc1 bxc4 21. bxc4 N5f6 22. Bxb7 Qxb7 23. c5 Ne4 24. Qe3 e5 25. Ba1 Nexc5 26. Nac3 Nb3 27. Rb1 Rb8 28. Ne4 Qd5 29. N2c3 Qc4 30. Rd1 Ndc5 31. Qg5 Nxe4 32. Qxe5 Nxc3 33. Bxc3 f6 34. Qf5 Qxc3 0-1


[Site "https://www.chess.com"]